 Dungeon Crawl Stone Soup version 0.31-a0-43-g46d131a48f (webtiles) character file.

Game seed: 6121338619940606489

14672 SlipperySam the Cleaver (level 11, -3/101 HPs)
             Began as a Minotaur Berserker on May 17, 2023.
             Was an Elder of Trog.
             Slain by a death yak (10 damage)
             ... on level 4 of the Lair of Beasts on May 18, 2023.
             The game lasted 01:21:00 (16178 turns).

SlipperySam the Cleaver (Minotaur Berserker)       Turns: 16178, Time: 01:21:00

Health: -3/101     AC: 10    Str: 27    XL:     11   Next: 91%
Magic:  0/10       EV: 15    Int:  4    God:    Trog [****..]
Gold:   570        SH: 12    Dex:  9    Spells: 10/10 levels left

rFire   . . .        H - +4 hand axe
rCold   . . .        D - +2 kite shield
rNeg    . . .        O - +0 swamp dragon scales
rPois   +            (helmet restricted)
rElec   .            (no cloak)
rCorr   .            (no gloves)
SInv    .            (no boots)
Will    ++...        A - amulet of guardian spirit Stlth
                     c - +5 ring of evasion
HPRegen 1.36/turn    u - ring of flight
MPRegen 0.12/turn

%: guardian spirit
@: strong-willed, on berserk cooldown, flying, regenerating, slowed, very slow
A: horns 2, retaliatory headbutt
a: Renounce Religion, Berserk, Trog's Hand, Brothers in Arms


You were on level 4 of the Lair of Beasts.
You worshipped Trog.
Trog was greatly pleased with you.
You visited 3 branches of the dungeon, and saw 15 of its levels.
You also visited: Ice Cave.

You collected 658 gold pieces.
You spent 88 gold pieces at shops.

Inventory:

Hand Weapons
 H - a +4 hand axe (weapon)
 M - the +8 falchion of Gozag, Changing {freeze, +Blink rN+ Will+ Str+3}
   (You found it on level 9 of the Dungeon)

   Str:       It affects your strength (+3).
   rN:        It protects you from negative energy.
   +Blink:    It lets you blink.
   Will:      It increases your willpower.
Missiles
 t - 4 boomerangs
 x - 4 large rocks
 B - 43 stones
 G - 3 atropa-tipped darts
 I - 5 poisoned darts (quivered)
 N - 5 curare-tipped darts
 R - 6 datura-tipped darts
Armour
 C - a +2 scale mail of fire resistance
 D - a +2 kite shield (worn)
 O - +0 swamp dragon scales (worn)
Jewellery
 c - a +5 ring of evasion (left hand)
 u - a ring of flight (right hand)
 A - an amulet of guardian spirit (around neck)
 E - a ring of protection from fire
 P - a ring of see invisible
 Q - a ring of poison resistance
Wands
 b - a wand of charming (4)
 z - a wand of digging (12)
Scrolls
 a - 3 scrolls of fear {unknown}
 e - a scroll of torment {unknown}
 f - 7 scrolls of teleportation {unknown}
 g - 4 scrolls of vulnerability {unknown}
 i - 3 scrolls of poison {unknown}
 k - 13 scrolls of identify {unknown}
 m - 2 scrolls of noise {unknown}
 p - a scroll of enchant armour {unknown}
 q - 2 scrolls of silence {unknown}
 v - 5 scrolls of immolation {unknown}
 w - a scroll of summoning {unknown}
 y - a scroll of enchant weapon {unknown}
 F - a scroll of blinking {unknown}
 J - a scroll of magic mapping {unknown}
 K - 2 scrolls of fog {unknown}
 L - a scroll of amnesia {unknown}
Potions
 d - 5 potions of haste {unknown}
 h - 2 potions of lignification {unknown}
 j - 2 potions of ambrosia {unknown}
 l - 4 potions of flight {unknown}
 n - 2 potions of heal wounds
 o - 2 potions of cancellation {unknown}
 r - 5 potions of mutation {unknown}
 s - 2 potions of might {unknown}


   Skills:
 + Level 10.6 Fighting
 + Level 13.9 Axes
 + Level 6.5 Throwing
 + Level 10.3 Armour
 - Level 2.8 Dodging
 + Level 9.7 Shields


You had 10 spell levels left.
You didn't know any spells.
Your spell library contained the following spells:

 Spells                   Type           Power      Damage    Failure   Level
 Kiss of Death            Conj/Necr      0%         2d5       78%         1
 Magic Dart               Conj           0%         1d3       78%         1
 Blink                    Tloc           0%         N/A       89%         2
 Lesser Beckoning         Tloc           0%         N/A       89%         2
 Momentum Strike          Conj/Tloc      0%         3d8       89%         2
 Poisonous Vapours        Pois/Air       0%         N/A       89%         2
 Searing Ray              Conj           0%         2d4       89%         2
 Gell's Gravitas          Tloc           0%         N/A       98%         3
 Mephitic Cloud           Conj/Pois/Air  0%         N/A       98%         3
 Teleport Other           Tloc           0%         N/A       98%         3
 Fulminant Prism          Conj/Hex       0%         3d5       100%        4
 Freezing Cloud           Conj/Ice/Air   0%         6-21      100%        5
 Yara's Violent Unravell  Hex/Tmut       0%         3d3       100%        5
 Iron Shot                Conj/Erth      0%         9d1       100%        6
 Dragon Form              Tmut           0%         N/A       100%        7


Dungeon Overview and Level Annotations

Branches:
Dungeon (9/15)             Temple (1/1) D:5            Lair (5/5) D:9
  Swamp (0/4) Lair:3       Spider (0/4) Lair:3        IceCv (visited)
  Slime: Lair:4-5       Orc: D:9-12

Altars:
Cheibriados
Dithmenos
Elyvilon
Fedhas
Gozag
Hepliaklqana
Kikubaaqudgha
Makhleb
Okawaru
Qazlal
Ru
Sif Muna
Trog
Uskayaw
Vehumet
Wu Jian
Xom
Yredelemnul
Zin
The Shining One

Shops:
D:5 *

Annotations:
Lair:2 3 runed translucent doors, skelma's ghost, journeyman MeFi


Innate Abilities, Weirdness & Mutations

You have a pair of horns on your head.
You reflexively headbutt those who attack you in melee.


Message History

You hit the death yak but do no damage.
The death yak is heavily wounded.
You slash the death yak!
You kill the death yak!
Trog accepts your kill.
You barely miss the death yak. You hit the death yak but do no damage.
You headbutt the death yak, but do no damage.
The death yak is heavily wounded.
You hit the death yak. The death yak gores you!
* * * LOW HITPOINT WARNING * * *
You block the death yak's attack.
You barely miss the death yak. You headbutt the death yak.
The death yak is heavily wounded.
You hit the death yak but do no damage.
The death yak snorts and paws the ground.
The death yak gores you.
* * * LOW HITPOINT WARNING * * *
The death yak gores you!
* * * LOW HITPOINT WARNING * * *
You feel much better. You block the death yak's attack. x2
You fail to use your ability.
The death yak gores you!
* * * LOW HITPOINT WARNING * * *
The death yak gores you!
* * * LOW HITPOINT WARNING * * *
A red film seems to cover your vision as you go berserk!
You feel yourself moving faster!
You feel mighty! The death yak gores you!
* * * LOW HITPOINT WARNING * * *
The death yak gores you but does no damage.
You feel a strong urge to attack something.
You feel your anger nearly subside.
You are no longer berserk.
You are exhausted.
You feel yourself slow down.
Your skin crawls.
You feel strong-willed. You block the death yak's attack.
The death yak attacks as you move away! You block the death yak's attack.
The death yak gores you!
You die...

....P................
..#.P.#..............
####...#.......#...
#.....#..†......
#####..#..........#
####.....####........#
###.##....#.# ##.......#
##.⌠.#.....####.YY.....#
......##....##..@......#
...>.⌠#....####......#..
#.....##...# #.....#..#.
##.⌠...#...#...P#.......
#...#######....# #....#.
.#.## #.#... ..###
.#.### # #..# ..# .....#
##. .## ....##


You could see 2 death yaks.

Vanquished Creatures
  Erica (D:8)
  A two-headed ogre (D:9)
  2 death yaks (Lair:4)
  Pikel (D:6)
  2 black mambas (Lair:4)
  An elephant (D:9)
  3 cane toads
  Maggie (Lair:1)
  2 rime drakes
  A komodo dragon (Lair:2)
  A hornet (D:7)
  A polar bear (Lair:2)
  3 blink frogs (Lair:1)
  11 yaks
  2 basilisks
  2 wyverns (D:9)
  A steam dragon (D:8)
  4 water moccasins
  An ice beast (D:5)
  2 black bears
  3 orc warriors
  A sky beast (D:8)
  4 centaurs
  An ogre (D:6)
  A kobold brigand (D:8)
  A phantom (D:7)
  4 bullfrogs
  2 gnoll sergeants
  3 scorpions
  12 wights
  A lindwurm simulacrum (IceCv)
  A howler monkey (D:6)
  An electric eel (D:9)
  An orc priest (D:9)
  4 hounds
  A sleepcap (D:7)
  3 gnoll boudas
  Jessica (D:2)
  5 iguanas
  Ijyb (D:3)
  4 orc wizards
  A mummy (D:4)
  Robin (D:2)
  4 acid dragon simulacra (IceCv)
  19 gnolls
  2 adders
  A shadow imp (D:8)
  A white imp (D:6)
  A steam dragon simulacrum (IceCv)
  4 dart slugs
  31 orcs
  4 bats
  5 endoplasms
  2 giant cockroaches
  9 goblins
  9 hobgoblins
  8 jackals
  11 kobolds
  5 quokkas
  5 ball pythons
  3 frilled lizards
  A hobgoblin zombie (D:4)
  A kobold zombie (D:4)
  2 orc zombies (D:4)
  4 rats
232 creatures vanquished.

Vanquished Creatures (collateral kills)
  A hydra (Lair:2)
  A black mamba (Lair:2)
  A cane toad (Lair:2)
  4 yaks (Lair:2)
  A water moccasin (Lair:2)
  A bullfrog (Lair:2)
9 creatures vanquished.

Vanquished Creatures (others)
  A wizard (D:9)
  A phantom (D:4)
2 creatures vanquished.

Grand Total: 243 creatures vanquished

Notes
Turn   | Place    | Note
-------+----------+-------------------------------------------
     0 | D:1      | SlipperySam the Minotaur Berserker began the quest for the
                  | Orb.
     0 | D:1      | Reached XP level 1. HP: 19/19 MP: 0/0
   137 | D:1      | Reached XP level 2. HP: 25/27 MP: 1/1
   317 | D:1      | Reached skill level 4 in Axes
   317 | D:1      | Reached XP level 3. HP: 23/33 MP: 2/2
  1211 | D:2      | Noticed Jessica
  1220 | D:2      | Reached ** piety under Trog
  1222 | D:2      | Killed Jessica
  1223 | D:2      | Reached skill level 5 in Axes
  1223 | D:2      | Reached XP level 4. HP: 29/40 MP: 3/3
  1251 | D:2      | Noticed Robin
  1258 | D:2      | Killed Robin
  2089 | D:3      | Found a burning altar of Makhleb.
  2362 | D:3      | Noticed Ijyb
  2378 | D:3      | Killed Ijyb
  2379 | D:3      | Reached skill level 6 in Axes
  2379 | D:3      | Reached XP level 5. HP: 40/46 MP: 4/4
  2541 | D:4      | Noticed a black bear
  2549 | D:4      | Killed a black bear
  2550 | D:4      | Reached skill level 7 in Axes
  2696 | D:4      | Reached XP level 6. HP: 37/52 MP: 5/5
  2781 | D:4      | Reached *** piety under Trog
  2993 | D:4      | Reached skill level 8 in Axes
  2999 | D:4      | Upgraded the game from 0.31-a0-39-g17ee01c9f4 to
                  | 0.31-a0-43-g46d131a48f
  3646 | D:4      | Reached XP level 7. HP: 54/59 MP: 4/6
  3726 | D:5      | Entered Level 5 of the Dungeon
  3733 | D:5      | Reached skill level 9 in Axes
  3802 | D:5      | Found Rionoym's General Store.
  3815 | D:5      | Bought a potion of curing for 33 gold pieces
  3815 | D:5      | Bought a potion of heal wounds for 55 gold pieces
  3957 | D:5      | Got the Atlas of Flashy Transmigration
  3985 | D:5      | Found a staircase to the Ecumenical Temple.
  4019 | D:5      | Reached skill level 10 in Axes
  4455 | D:6      | Reached skill level 1 in Shields
  5015 | D:6      | Reached XP level 8. HP: 67/67 MP: 7/7
  5532 | D:6      | Found a hide-covered altar of Uskayaw.
  5567 | D:6      | Noticed Pikel
  5583 | D:6      | Killed Pikel
  5584 | D:6      | Reached skill level 5 in Fighting
  5740 | D:6      | Found an iron altar of Okawaru.
  6036 | D:6      | Reached skill level 11 in Axes
  6036 | D:6      | Reached skill level 5 in Armour
  6445 | Temple   | Entered the Ecumenical Temple
  7198 | D:7      | Noticed a hornet
  7247 | D:7      | Killed a hornet
  7453 | D:7      | Reached XP level 9. HP: 75/78 MP: 8/8
  7698 | D:7      | Reached **** piety under Trog
  7928 | D:7      | Reached skill level 5 in Shields
  8977 | D:8      | Reached skill level 1 in Throwing
  8987 | D:8      | Noticed Erica
  9006 | D:8      | HP: 3/79 [yak (11)]
  9017 | D:8      | Killed Erica
  9018 | D:8      | Reached skill level 12 in Axes
  9028 | D:8      | HP: 4/81 [yak (10)]
  9628 | D:8      | Found an ornate altar of the Wu Jian Council.
  9828 | D:8      | Reached XP level 10. HP: 88/88 MP: 9/9
 11316 | D:9      | Noticed a two-headed ogre
 11326 | D:9      | Killed a two-headed ogre
 11673 | D:9      | Identified the +8 falchion of Gozag, Changing {freeze,
                  | +Blink rN+ Will+ Str+3}
 11721 | D:9      | Reached ***** piety under Trog
 11847 | D:9      | Found a bloodstained altar of Trog.
 11851 | D:9      | Noticed a wizard
 11856 | D:9      | Killed a wizard
 12302 | D:9      | Noticed an elephant
 12315 | D:9      | Killed an elephant
 12322 | D:9      | Found a staircase to the Lair.
 12780 | Lair:1   | Entered Level 1 of the Lair of Beasts
 12841 | Lair:1   | Found a frozen archway.
 12854 | Lair:1   | Reached skill level 13 in Axes
 12881 | Lair:1   | Reached XP level 11. HP: 67/97 MP: 7/10
 12993 | IceCv    | Entered an ice cave
 13048 | IceCv    | Reached skill level 5 in Throwing
 13571 | Lair:1   | Noticed Maggie
 13585 | Lair:1   | Killed Maggie
 14132 | Lair:2   | Found the +5 robe of Misfortune {Harm *Corrode *Slow EV+5}
 14554 | Lair:2   | Noticed a six-headed hydra
 14569 | Lair:2   | Killed a nine-headed hydra
 14570 | Lair:2   | Reached skill level 10 in Fighting
 14831 | Lair:2   | Found a runed translucent gate.
 14831 | Lair:2   | Found a runed translucent gate.
 14832 | Lair:2   | Found a runed translucent gate.
 14934 | Lair:2   | Noticed skelma's ghost (journeyman MeFi)
 15554 | Lair:3   | Found a staircase to the Swamp.
 15576 | Lair:3   | Found a hole to the Spider Nest.
 15709 | Lair:3   | You are sucked into a shaft and drop 2 floors!
 15709 | Lair:5   | Entered Level 5 of the Lair of Beasts
 15817 | Lair:4   | Reached skill level 10 in Armour
 16053 | Lair:4   | Found a radiant altar of Vehumet.
 16118 | Lair:4   | Noticed a death yak
 16132 | Lair:4   | Killed a death yak
 16133 | Lair:4   | Noticed a death yak
 16133 | Lair:4   | Noticed a death yak
 16133 | Lair:4   | Noticed a death yak
 16166 | Lair:4   | Killed a death yak
 16171 | Lair:4   | HP: 2/151 [death yak (10)]
 16178 | Lair:4   | Slain by a death yak

Illustrated notes

Levels and vault maps discovered:
D:1:      ncdulo_halloftheorcs, layout_basic, serial_corexii_hall,
          corexii_hall_statues_i, chequers_hall_statues_y, nicolae_grassy_gnolls
D:2:      layout_basic, uniq_robin, uniq_jessica
D:3:      layout_loops_ring, mainiacjoe_overflow_24_doors, uniq_ijyb
D:4:      layout_rooms, minmay_mini_ossuary
D:5:      layout_rooms, minmay_temple_entry_junction, serial_shops,
          nicolae_shop_rolling_square, abandoned_shop, minmay_misc_feat_tower,
          grunt_decor_fettered
D:6:      layout_gridville, mainiacjoe_overflow_six_doors_small,
          lemuel_round_altar, kennysheep_generic_room_15, uniq_pikel
D:7:      layout_basic, minmay_misc_feat_four_crosses
D:8:      layout_loops_corners, mainiacjoe_overflow_alcove_4, amethyst_killhole,
          hangedman_decor_lopped, uniq_erica
D:9:      layout_big_octagon, trog_wizard, david_lair_generic,
          serial_gnoll_camp, gnoll_camp_mini_house, gnoll_camp_mini_house
Temple:   regret_index_temple_waves
Lair:1:   layout_regular_city, portal_ice_cave_entry_ice_simulacra,
          serial_bayou_shore_b, serial_bayou_shore_a, uniq_maggie
Lair:2:   layout_cave_shapes, ebering_ghost_rock_garden, serial_bayou_shore_b
Lair:3:   layout_cave_pods, swamp_mist, spider_nest_entry_web_field,
          ebering_ghost_inner_flame, beast_lair_carwin_9, uniq_sonja
Lair:4:   layout_misc_corridors, basic_altar, nicolae_lair_grazing_beasts
          [nicolae_sub_lair_graze_edge, nicolae_sub_lair_graze_edge,
          nicolae_sub_lair_graze_edge, nicolae_sub_lair_graze_edge],
          grunt_megastairs_3
Lair:5:   hangedman_lair_caniforms_friends, layout_layer_cave,
          guppyfry_lair_end_dragon, slime_entry_1

Skill      XL: |  1  2  3  4  5  6  7  8  9 10 11 |
---------------+----------------------------------+-----
Fighting       | 4 6 7 9 10 | 10.6
Axes           | 4 5 6 7 8 10 11 12 13 | 13.9
Armour         | 3 5 7 8 10 | 10.3
Shields        | 1 4 6 8 9 |  9.7
Throwing       | 2 4 6 |  6.5
Dodging        | |  2.8

Action                     |  1- 3 |  4- 6 |  7- 9 | 10-12 || total
---------------------------+-------+-------+-------+-------++-------
  Melee: Hand axe          |    73 |    36 |   242 |   466 ||   817
         Headbutt          |     6 |    13 |    50 |   114 ||   183
         Club              |       |    85 |     2 |       ||    87
         Punch             |       |     3 |       |       ||     3
  Throw: Boomerang         |       |       |    10 |     5 ||    15
         Dart              |       |       |     5 |    44 ||    49
         Throwing net      |       |       |     4 |       ||     4
         Stone             |       |       |       |    23 ||    23
 Invoke: Berserk           |       |       |       |     3 ||     3
         Brothers in Arms  |       |       |       |     3 ||     3
         Trog's Hand       |       |       |       |     2 ||     2
  Evoke: Wand              |       |       |    19 |     1 ||    20
    Use: Potion            |       |       |     7 |     9 ||    16
 Armour: Animal skin       |    10 |       |       |       ||    10
         Chain mail        |    10 |    35 |    48 |       ||    93
         Robe              |       |       |     3 |     3 ||     6
         Scale mail        |       |       |       |    36 ||    36
         Plate armour      |       |       |       |    14 ||    14
         Steam dragon scal |       |       |       |     4 ||     4
         Swamp dragon scal |       |       |       |    25 ||    25
  Dodge: Dodged            |    59 |    81 |   105 |   188 ||   433
  Block: Kite shield       |       |       |   111 |   224 ||   335

Table legend: (Time is in decaauts)
 A = Elapsed time spent in this place.
 B = Non-inter-level travel time spent in this place.
 C = Inter-level travel time spent in this place.
 D = Time resting spent in this place.
 E = Time spent auto-exploring this place.
 F = Levels seen in this place.
 G = Mean time per level.
                   A        B        C        D        E       F      G
               +--------+--------+--------+--------+--------+-----+--------+
         Total |  16052 |  16051 |      1 |   5037 |   3157 |  16 | 1003.2 |
       Dungeon |  12297 |  12296 |      1 |   3446 |   2728 |   9 | 1366.3 |
        Temple |    426 |    426 |      0 |    257 |      0 |   1 |  426.0 |
          Lair |   3034 |   3034 |      0 |   1135 |    429 |   5 |  606.8 |
      Ice Cave |    292 |    292 |      0 |    199 |      0 |   1 |  292.0 |
               +--------+--------+--------+--------+--------+-----+--------+

Top non-repeatable levels by time:
     D:6: 2121 daAuts
     D:9: 1982 daAuts
     D:8: 1858 daAuts
     D:7: 1755 daAuts
  Lair:2: 1439 daAuts
     D:4: 1188 daAuts
     D:1: 1128 daAuts
  Lair:1: 997 daAuts
     D:5: 842 daAuts
     D:2: 775 daAuts
     D:3: 645 daAuts
  Temple: 426 daAuts
  Lair:4: 426 daAuts
   IceCv: 292 daAuts
  Lair:3: 149 daAuts
